Cogmind - Beta 15 @@@ ROGUE MODE // 2025.07.03 @ 13:50:34 Player: jumpy Result: Destroyed by B-86 Titan with Matter Neutralizer Performance ------------- Evolutions (7) 3500 Regions Visited (8) 1600 Robots Destroyed (21) 105 Value Destroyed (850) 850 Prototype IDs (7) 140 Alien Tech Used (0) 0 Bonus (2361) 2361 TOTAL SCORE: 8556 Bonus ------- High Alert Combat Kills 36 Follower Combat Kills 1543 Registered with UFD 300 Met Optimus in HQ 500 Friendly Fire -18 Cogmind --------- Core Integrity 0/1300 Matter 14/300 Energy 100/100 System Corruption 30% Temperature Cool (9) Movement Core (50) Location -3/Research Parts ------- > --- POWER (2) -------- (None) > --- PROPULSION (6) --- (None) > --- UTILITY (10) ----- Advanced Targeting Computer Makeshift Hacking Suite > --- WEAPON (3) ------- (None) > --- INVENTORY (5) ---- Light Antimatter Reactor Field Propulsion Array Advanced Cryofiber Web Propulsion Shielding Peak State ------------ > --- POWER ------------ Reinforced Deuterium Engine > --- PROPULSION ------- Light Treads Improved Treads Armored Treads Improved Medium Treads Armored Medium Treads Advanced Medium Treads > --- UTILITY ---------- Large Storage Unit Experimental Terrain Scanner Advanced Terrain Scan Processor Seismic Detector Advanced Targeting Computer Layered Heavy Armor Plating Hacking Suite Makeshift Hacking Suite > --- WEAPON ----------- Bore Cannon Hardcell Cannon Phasing Sabre > --- INVENTORY -------- Improved Deuterium Engine Antigrav System Antigrav System Antigrav System Antigrav System Antigrav System Antigrav System Field Propulsion Array Power Amplifier Advanced Cryofiber Web Propulsion Shielding Advanced Datajack CPS Tube Makeshift Axe [Rating: 91] Favorites ----------- Power Ion Engine Engine Ion Engine Reactor Particle Reactor Propulsion Light Treads Treads Light Treads Hover Unit Antigrav System Utility Large Storage Unit Device V3-11A's Pendant Storage Large Storage Unit Processor Advanced Targeting Computer Hackware Makeshift Hacking Suite Protection Layered Heavy Armor Plating Weapon Small Laser Energy Gun Small Laser Ballistic Gun Flak Gun Ballistic Cannon Hardcell Cannon Special Weapon Mining Laser Slashing Weapon Phasing Sabre Build | -11 -10 -10 -7 -7 -5 -5 -4 -3 ------- Run | Yrd Mat Sub Rec Scr Fac Ext Fac Res Slots Evolved 14 | . . . . . 10 . 2 2 Power 1 | . . . . . . . . 1 Propulsion 4 | . . . . . 2 . 2 . Utility 8 | . . . . . 7 . . 1 Weapon 1 | . . . . . 1 . . . Parts Attached 41 | 7 1 4 . 4 9 4 5 7 Power 5 | 1 . . . 2 . 1 . 1 Engine 4 | 1 . . . 2 . 1 . . Core . | . . . . . . . . . Reactor 1 | . . . . . . . . 1 Propulsion 12 | 2 . . . . 1 1 3 5 Treads 7 | 2 . . . . 1 1 3 . Leg . | . . . . . . . . . Wheel . | . . . . . . . . . Hover 5 | . . . . . . . . 5 Flight . | . . . . . . . . . Utility 12 | 2 1 1 . . 7 . . 1 Device 5 | 1 . 1 . . 2 . . 1 Storage 2 | 1 1 . . . . . . . Processor 2 | . . . . . 2 . . . Hackware 2 | . . . . . 2 . . . Protection 1 | . . . . . 1 . . . Artifact . | . . . . . . . . . Weapon 12 | 2 . 3 . 2 1 2 2 . Energy Gun 2 | 2 . . . . . . . . Energy Cannon . | . . . . . . . . . Ballistic Gun 5 | . . 2 . 2 1 . . . Ballistic Cannon 2 | . . . . . . . 2 . Launcher . | . . . . . . . . . Special Weapon 1 | . . 1 . . . . . . Impact Weapon . | . . . . . . . . . Slashing Weapon 2 | . . . . . . 2 . . Piercing Weapon . | . . . . . . . . . Special Melee Weapon . | . . . . . . . . . Unidentified Prototypes 1 | . . 1 . . . . . . Parts Lost 19 | . . . . . . . . 19 Power 2 | . . . . . . . . 2 Propulsion 9 | . . . . . . . . 9 Utility 6 | . . . . . . . . 6 Weapon 2 | . . . . . . . . 2 Highest Loss Streak 17 | . . . . . . . . 17 To Critical Strikes . | . . . . . . . . . Average Backups 10 | 4 7 9 11 14 7 10 14 11 Power 1 | . 1 1 1 1 1 1 1 1 Propulsion 2 | 1 2 2 2 2 2 3 6 5 Utility 3 | . 2 3 4 6 1 1 2 3 Weapon 2 | 1 2 2 4 3 2 2 1 . Tool/Special . | . . . . . . . . . Unused Backups 19 | 1 . . . 6 . 3 1 8 Power 2 | . . . . 1 . . . 1 Propulsion 5 | . . . . . . 3 . 2 Utility 5 | . . . . 2 . . . 3 Weapon 5 | 1 . . . 3 . . 1 . Tool/Special 2 | . . . . . . . . 2 Average Slot Usage (%) 95 | . 100 100 100 100 86 93 93 65 Engine 11 | . 14 14 14 14 5 5 5 2 Treads 26 | . 28 28 28 28 17 22 30 18 Device 12 | . 14 14 14 14 11 11 10 7 Storage 11 | . 14 14 14 14 5 5 5 3 Processor 3 | . . . . . 10 11 10 8 Hackware 3 | . . . . . 10 11 10 7 Protection 1 | . . . . . 4 5 5 2 Energy Gun 7 | . 28 20 . . . . . . Ballistic Gun 12 | . . 4 28 28 16 13 2 . Special Weapon 1 | . . 3 . . . . . . Slashing Weapon 1 | . . . . . . 3 5 3 Peak Build Rating 91 | 7 8 12 12 21 59 72 91 91 Average Rating 30 | 5 7 10 12 19 56 66 84 70 On Entrance 31 | . 7 8 12 12 21 58 72 91 Naked Turns . | . . . . . . . . . Heaviest Build 80 | 13 28 30 30 38 63 69 80 80 Greatest Support 150 | 40 40 40 40 40 60 87 150 150 Greatest Overweight (x) 12 | . . . . . 1 1 . 12 Average Overweight (x) . | . . . . . . . . . Largest Inventory Capacity 15 | 8 15 15 15 15 15 15 15 15 Average Capacity 14 | 7 12 15 15 15 15 15 15 13 Most Carried 15 | 7 8 11 11 15 14 15 15 15 Average Carried 11 | 4 7 9 11 14 7 10 14 12 Final Capacity 15 | 8 15 15 15 15 15 15 15 5 Final Carried 15 | 7 8 11 11 15 7 15 15 5 Class Distribution -------------------- 43% | Mutant 31% | Commander-Mutant 17% | Derelict-Mutant 7% | Commander-Skirmisher Dominant Class ---------------- Mutant | -10/Materials Mutant | -10/Subcaves Commander-Mutant | -7/Recycling Commander-Mutant | -7/Scraptown Commander-Skirmisher | -5/Factory Derelict-Mutant | -5/Extension Derelict-Mutant | -4/Factory Derelict-Mutant | -3/Research Resources | -11 -10 -10 -7 -7 -5 -5 -4 -3 ----------- Run | Yrd Mat Sub Rec Scr Fac Ext Fac Res Matter Collected 895 | 270 . 90 . 30 58 358 43 46 Remotely . | . . . . . . . . . Salvage Created 843 | 162 . 93 . . 44 326 43 175 Parts 51 | 18 . 6 . . 4 14 2 7 Haulers Intercepted . | . . . . . . . . . Recyclers Shooed 1 | . . . . . 1 . . . Parts Field Recycled . | . . . . . . . . . Retrieved Matter . | . . . . . . . . . Parts Self-Destructed 17 | . . 17 . . . . . . Prevented . | . . . . . . . . . Kills | -11 -10 -10 -7 -7 -5 -5 -4 -3 ------- Run | Yrd Mat Sub Rec Scr Fac Ext Fac Res Combat Hostiles Destroyed 14 | . . 2 . . 1 6 . 5 Melee 1 | . . . . . . 1 . . Guns 8 | . . 2 . . 1 5 . . Cannons 5 | . . . . . . . . 5 Classes Destroyed 8 | 2 . 1 . . 1 2 1 1 Tunneler 5 | 5 . . . . . . . . Recycler 1 | 1 . . . . . . . . Watcher 1 | . . . . . . . 1 . Swarmer 3 | . . . . . . . . 3 Grunt 5 | . . . . . . 5 . . Hunter 1 | . . . . . . 1 . . Programmer 3 | . . . . . 1 . . 2 Subdweller 2 | . . 2 . . . . . . Best Kill Streak 4 | 2 . 2 . . 1 2 1 4 Combat Bots Only 4 | . . 2 . . 1 2 . 4 Max Kills in Single Turn 1 | 1 . 1 . . 1 1 1 1 Gunslinging . | . . . . . . . . . Exploded . | . . . . . . . . . Melee 1 | . . . . . . 1 . . Uniques/NPCs Destroyed . | . . . . . . . . . Combat | -11 -10 -10 -7 -7 -5 -5 -4 -3 -------- Run | Yrd Mat Sub Rec Scr Fac Ext Fac Res Hostile Shots Fired 366 | . . 21 6 . 22 33 7 277 Missed 115 | . . 4 . . 7 7 3 94 Hits 251 | . . 17 6 . 15 26 4 183 Projectile 251 | . . 17 6 . 15 26 4 183 Critical Strikes 14 | . . . . . . 1 . 13 Part Disruptions 3 | . . . . . . . . 3 Damage Taken 5185 | . . 349 32 . 172 396 55 4181 Core 1394 | . . 55 . . 16 17 . 1306 Absorbed by Shields 384 | . . . . . 160 224 . . Regen/Repaired (Parts) 364 | . . . . 238 . . 126 . Core Remaining (%) 93 | 100 . . . 78 . 96 100 . Volleys Fired 93 | 19 . 23 . . 6 25 . 20 Largest 3 | 2 . 2 . . 3 3 . 2 Hottest 103 | 80 . 100 . . 81 81 . 103 Shots Fired 179 | 38 . 32 . . 16 52 . 41 Gun 124 | 38 . 18 . . 16 52 . . Cannon 41 | . . . . . . . . 41 Launcher . | . . . . . . . . . Special 14 | . . 14 . . . . . . Kinetic 109 | . . . . . 16 52 . 41 Thermal 70 | 38 . 32 . . . . . . Explosive . | . . . . . . . . . Electromagnetic . | . . . . . . . . . Robot Hit Streak 18 | 7 . 10 . . 11 18 . 3 Robot Miss Streak 9 | 3 . 1 . . 9 6 . 2 Penetration Max 1 | . . . . . . 1 . . Secondary Targets 3 | . . 1 . . . 2 . . Max Gunslinging Chain 1 | . . 1 . . . 1 . . Shots Hit Robots 120 | 22 . 14 . . 11 47 1 25 Core Hits 74 | 7 . 7 . . 9 44 1 6 Critical Kills 2 | . . . . . . . . 2 Critical Parts Destroyed 4 | . . . . . . . . 4 Critical Strikes 7 | . . . . . . . . 7 Destroy 6 | . . . . . . . . 6 Blast 1 | . . . . . . . . 1 Melee Attacks 27 | . . . . . . 5 8 14 Impact . | . . . . . . . . . Slashing 27 | . . . . . . 5 8 14 Piercing . | . . . . . . . . . Sneak Attacks 1 | . . . . . . 1 . . Combat Hostiles . | . . . . . . . . . Follow-up Attacks . | . . . . . . . . . Damage Inflicted 2659 | 242 . 241 . . 240 1058 54 824 Guns 1543 | 242 . 145 . . 240 916 . . Cannons 648 | . . . . . . . . 648 Explosions . | . . . . . . . . . Melee 370 | . . . . . . 142 54 174 Ramming 2 | . . . . . . . . 2 Kinetic 1804 | . . . . . 240 916 . 648 Thermal 483 | 242 . 241 . . . . . . Explosive . | . . . . . . . . . Electromagnetic . | . . . . . . . . . Impact . | . . . . . . . . . Slashing 370 | . . . . . . 142 54 174 Piercing . | . . . . . . . . . Highest Corruption 30 | . . . . . . . . 30 Average Corruption 12 | . . . . . . . . 12 Corruption Purged . | . . . . . . . . . Corruption Blocked . | . . . . . . . . . Effects 14 | . . . . . . . . 14 Message Errors 2 | . . . . . . . . 2 Matter Fused 5 | . . . . . . . . 5 Heat Flow Errors 2 | . . . . . . . . 2 Data Loss (minor) 1 | . . . . . . . . 1 Misfires 1 | . . . . . . . . 1 Misdirections 3 | . . . . . . . . 3 Overload Shots . | . . . . . . . . . Overflow Damage 36 | . . . . . . . . 36 Projectiles . | . . . . . . . . . Explosions . | . . . . . . . . . Melee 36 | . . . . . . . . 36 Knockbacks 5 | . . . . . . . . 5 Impact . | . . . . . . . . . Kinetic 5 | . . . . . . . . 5 Secondary . | . . . . . . . . . Self-Inflicted Damage 1 | . . . . . . . . 1 Shots . | . . . . . . . . . Rammed 1 | . . . . . . . . 1 Targets Rammed 1 | . . . . . . . . 1 Kicked . | . . . . . . . . . Crushed . | . . . . . . . . . Highest Temperature 331 | 162 . . . . 12 12 . 331 Average Temperature 69 | 55 . . . . 8 5 . 99 Received Heat Transfer 307 | . . 48 . . . 115 . 144 Effects 1 | . . . . . . . . 1 Matter Decay 1 | . . . . . . . . 1 Siege Activations . | . . . . . . . . . Martial Activations . | . . . . . . . . . Shielding Activations . | . . . . . . . . . Robots Disrupted . | . . . . . . . . . Combat Hostiles . | . . . . . . . . . Robots Corrupted . | . . . . . . . . . Combat Hostiles . | . . . . . . . . . Parts Fried . | . . . . . . . . . Impact Corruptions . | . . . . . . . . . Robots Melted . | . . . . . . . . . Combat Hostiles . | . . . . . . . . . Parts Melted 1 | . . 1 . . . . . . Heat Transferred 1075 | 550 . 525 . . . . . . Parts Sabotaged . | . . . . . . . . . Parts Stolen . | . . . . . . . . . Parts Stripped . | . . . . . . . . . Power Chain Reactions . | . . . . . . . . . Alert | -11 -10 -10 -7 -7 -5 -5 -4 -3 ------- Run | Yrd Mat Sub Rec Scr Fac Ext Fac Res Maximum Alert Level 2 | . . . . . 1 2 1 . Low Security (%) 69 | 100 100 . 100 . 81 32 64 100 Level 1 22 | . . . . . 18 43 35 . Level 2 8 | . . . . . . 24 . . Level 3 . | . . . . . . . . . Level 4 . | . . . . . . . . . Level 5 . | . . . . . . . . . High Security . | . . . . . . . . . Max Security . | . . . . . . . . . Peak Influence 632 | 10 . . 52 . 330 632 309 109 Initial 309 | . . . 43 . . 151 309 24 Average 143 | 1 . . 14 . 80 302 167 32 Influence Increases 2417 | 30 . 253 103 . 372 1389 15 255 Destroy 0b10 Robot/C 1200 | . . 180 80 . 160 680 . 100 Destroy 0b10 Robot/NC 50 | 30 . . 5 . 5 5 5 . Destroy Leader 146 | . . 10 . . 32 82 2 20 Allied During Kill 599 | . . 33 18 . 137 411 . . Successful Hack 4 | . . . . . . 4 . . Disable Machine 15 | . . . . . . . . 15 Destroy Structure 118 | . . . . . 38 42 8 30 Partial Spotted 30 | . . . . . . . . 30 Lose Combat Pursuer 255 | . . 30 . . . 165 . 60 Influence Decreases 2383 | 30 . 163 193 . 62 1067 601 267 Entered New Map 551 | . . . 47 . . 159 323 22 Time Decay 1195 | 30 . 41 146 . 62 478 278 160 Lost Part 85 | . . . . . . . . 85 Lost Ally 552 | . . 122 . . . 430 . . Squads Dispatched 15 | . . . . . 1 6 2 6 Investigation 5 | . . . . . . 3 1 1 Extermination 3 | . . . . . 1 . 1 1 Reinforcement 4 | . . . . . . 3 . 1 Assault . | . . . . . . . . . Garrison 3 | . . . . . . . . 3 Intercept . | . . . . . . . . . Searches Triggered . | . . . . . . . . . Construction Impeded 1 | . . . . . . 1 . . Haulers Reinforced 1 | . . . . . . . . 1 Active Scanning Responses . | . . . . . . . . . Cargo Convoy Interrupts . | . . . . . . . . . Stealth | -11 -10 -10 -7 -7 -5 -5 -4 -3 --------- Run | Yrd Mat Sub Rec Scr Fac Ext Fac Res Distress Signals 5 | . . . . . . 5 . . Communications Jammed . | . . . . . . . . . Distress Signals . | . . . . . . . . . Times Spotted 98 | . . 19 2 . 9 40 5 23 Peak Tracking Total 13 | . . 4 2 . 5 8 4 13 Tactical Retreats 10 | . . 1 . . . 6 . 3 Traps | -11 -10 -10 -7 -7 -5 -5 -4 -3 ------- Run | Yrd Mat Sub Rec Scr Fac Ext Fac Res Traps Triggered 6 | . . 1 . . . 3 . 2 Indirectly . | . . . . . . . . . Trap Hack Attempts . | . . . . . . . . . Triggered . | . . . . . . . . . Disarmed . | . . . . . . . . . Reprogrammed . | . . . . . . . . . Reused . | . . . . . . . . . Traps Extracted . | . . . . . . . . . Installed . | . . . . . . . . . Triggered . | . . . . . . . . . Machines | -11 -10 -10 -7 -7 -5 -5 -4 -3 ---------- Run | Yrd Mat Sub Rec Scr Fac Ext Fac Res Machines Disabled 1 | . . . . . . . . 1 Max in Single Turn 1 | . . . . . . . . 1 Garrison Access 1 | . . . . . . . 1 . Machines Repaired . | . . . . . . . . . Machines Dismantled . | . . . . . . . . . Machines Sabotaged . | . . . . . . . . . Overloaded Fab Kills . | . . . . . . . . . Hacking | -11 -10 -10 -7 -7 -5 -5 -4 -3 --------- Run | Yrd Mat Sub Rec Scr Fac Ext Fac Res Machines Accessed 9 | . . . . . . 7 2 . Terminals 7 | . . . . . . 7 . . Fabricators . | . . . . . . . . . Repair Stations 1 | . . . . . . . 1 . Recycling Units . | . . . . . . . . . Scanalyzers . | . . . . . . . . . Garrison Access 1 | . . . . . . . 1 . Total Hacks 20 | . . . . . . 18 2 . Successful 8 | . . . . . . 6 2 . Failed 12 | . . . . . . 12 . . Catastrophic 1 | . . . . . . 1 . . Database Lockouts . | . . . . . . . . . Manual 2 | . . . . . . 1 1 . Terminals 18 | . . . . . . 18 . . Fabricators . | . . . . . . . . . Repair Stations 1 | . . . . . . . 1 . Recycling Units . | . . . . . . . . . Scanalyzers . | . . . . . . . . . Garrison Access 1 | . . . . . . . 1 . Terminal Hacks 6 | . . . . . . 6 . . Record 2 | . . . . . . 2 . . Open Door 4 | . . . . . . 4 . . Fabricator Hacks . | . . . . . . . . . Repair Station Hacks . | . . . . . . . . . Recycling Unit Hacks . | . . . . . . . . . Scanalyzer . | . . . . . . . . . Garrison Access Hacks 1 | . . . . . . . 1 . Seal Access 1 | . . . . . . . 1 . Unauthorized Hacks 1 | . . . . . . . 1 . Terminals . | . . . . . . . . . Fabricators . | . . . . . . . . . Repair Stations 1 | . . . . . . . 1 . Patch 1 | . . . . . . . 1 . Recycling Units . | . . . . . . . . . Scanalyzers . | . . . . . . . . . Garrison Access . | . . . . . . . . . Data Cores Recovered . | . . . . . . . . . Used . | . . . . . . . . . Hacking Detections 5 | . . . . . . 5 . . Full Trace Events 3 | . . . . . . 3 . . Feedback Events . | . . . . . . . . . Feedback Blocked . | . . . . . . . . . Robot Schematics Acquired . | . . . . . . . . . Robots Built . | . . . . . . . . . Authchips . | . . . . . . . . . Time . | . . . . . . . . . Total Robot Build Rating . | . . . . . . . . . Part Schematics Acquired . | . . . . . . . . . Parts Built . | . . . . . . . . . Authchips . | . . . . . . . . . Time . | . . . . . . . . . Total Part Build Rating . | . . . . . . . . . Parts Repaired . | . . . . . . . . . Time . | . . . . . . . . . Parts Recycled . | . . . . . . . . . Recycled Matter . | . . . . . . . . . Retrieved Matter . | . . . . . . . . . Retrieved Components . | . . . . . . . . . Parts Scanalyzed . | . . . . . . . . . Part Schematics Acquired . | . . . . . . . . . Parts Damaged . | . . . . . . . . . Bothacking | -11 -10 -10 -7 -7 -5 -5 -4 -3 ------------ Run | Yrd Mat Sub Rec Scr Fac Ext Fac Res Used RIF Installer . | . . . . . . . . . Robots Hacked . | . . . . . . . . . Non-combat . | . . . . . . . . . Combat . | . . . . . . . . . Robot Hacks Applied . | . . . . . . . . . Relay Couplers Released . | . . . . . . . . . Fabnet Peak Effective % . | . . . . . . . . . Robots Rewired 19 | . . . 12 . . 7 . . Allies Hacked . | . . . . . . . . . Hacks Repelled . | . . . . . . . . . Allies | -11 -10 -10 -7 -7 -5 -5 -4 -3 -------- Run | Yrd Mat Sub Rec Scr Fac Ext Fac Res Total Allies 35 | . . 11 12 . . 12 . . Largest Group 15 | . . 5 13 13 13 15 . . Highest-Rated Group 541 | . . 95 327 327 327 541 . . Highest-Rated Ally 159 | . . 19 40 40 40 159 . . Total Orders . | . . . . . . . . . Ally Attacks 268 | . . 51 17 . 17 183 . . Total Damage 5620 | . . 638 278 . 883 3821 . . Kills 50 | . . 9 4 . 8 29 . . Allies Corrupted . | . . . . . . . . . Allies Melted . | . . . . . . . . . Intel | -11 -10 -10 -7 -7 -5 -5 -4 -3 ------- Run | Yrd Mat Sub Rec Scr Fac Ext Fac Res Active Infowar (turns) 3142 | 177 159 347 . . 261 1223 615 360 Terrain 2459 | . . . . . 261 1223 615 360 Seismic 3132 | 177 159 347 . . 255 1223 615 356 Robot Analysis Total . | . . . . . . . . . Derelict Logs Recovered 2 | . . 2 . . . . . . Drone Launches . | . . . . . . . . . Drone Recoveries . | . . . . . . . . . Exploration | -11 -10 -10 -7 -7 -5 -5 -4 -3 ------------- Run | Yrd Mat Sub Rec Scr Fac Ext Fac Res Turns Passed 8521 | 300 159 2964 562 1957 262 1223 615 479 Spaces Moved 4813 | 146 98 1771 232 1188 96 596 340 346 Core 170 | 8 . . . . . . . 162 Treads 4615 | 138 98 1771 232 1188 96 596 340 156 Legs . | . . . . . . . . . Wheels . | . . . . . . . . . Hover 28 | . . . . . . . . 28 Flight . | . . . . . . . . . Fastest Speed 50 | 50 160 160 160 160 163 165 160 50 Average Speed 159 | 153 160 160 160 160 233 172 162 105 Slowest Speed 650 | 160 160 160 160 160 243 243 165 650 Overloaded Moves . | . . . . . . . . . Propulsion Burnouts . | . . . . . . . . . Robots Hopped . | . . . . . . . . . Potential Cave-ins 6 | . . . . . . . 3 3 Cave-ins Triggered . | . . . . . . . . . Exploration Rate (%) 35 | 7 20 85 50 64 4 66 12 15 Regions Visited 8 Branch Regions 4 Pre-discovered Areas 2 | . . 2 . . . . . . Known Exits Taken . | . . . . . . . . . Unknown Exits Taken 8 | 1 1 1 1 1 1 1 1 . Scrap Searched 12 | . . 2 . 10 . . . . Spaces Dug 14 | . . . . . . 1 7 6 Terrain Destroyed 29 | . . . . . . 2 7 20 Melee 13 | . . . . . . 1 7 5 Projectile 16 | . . . . . . 1 . 15 AOE . | . . . . . . . . . Terrain Rammed . | . . . . . . . . . Walls Destroyed . | . . . . . . . . . Machines Disabled . | . . . . . . . . . Actions | -11 -10 -10 -7 -7 -5 -5 -4 -3 --------- Run | Yrd Mat Sub Rec Scr Fac Ext Fac Res Total 5442 | 180 100 1837 423 1253 122 731 392 404 Wait 197 | . . 31 39 35 10 48 30 4 Move 4805 | 145 97 1770 231 1187 95 595 339 346 Hop . | . . . . . . . . . Pick Up 44 | 8 1 2 . 15 . 11 5 2 Fast Attach 11 | 7 . 1 . . 1 1 . 1 Attach 16 | . . . . . 8 . 2 6 Detach 2 | . . 1 . . 1 . . . Swap 18 | . 1 7 . 4 . 3 3 . Drop 34 | 1 1 . . 12 1 4 5 10 Fire 93 | 19 . 23 . . 6 25 . 20 Melee 27 | . . . . . . 5 8 14 Ram 1 | . . . . . . . . 1 Kick . | . . . . . . . . . Crush . | . . . . . . . . . Escape Stasis 5 | . . . . . . 5 . . Rewire 189 | . . 2 153 . . 34 . . Trap . | . . . . . . . . . Miscellaneous . | . . . . . . . . . Route ------- -11/Scrapyard -10/Materials -10/Subcaves (discovered 2 exits: [*Mat] / [*Rec]) -7/Recycling -7/Scraptown -5/Factory -5/Extension (discovered 3 exits: *Fac x2 / [*Cet]) -4/Factory -3/Research History --------- Turn | Location | Event 15 | -11/Scrapyard | Discovered new exit (range 15) 301 | -11/Scrapyard | Entered Materials 302 | -10/Materials | Build established: Mutant 433 | -10/Materials | Discovered new exit (range 9) 460 | -10/Materials | Entered Subcaves 649 | -10/Subcaves | A swath of the cavern ceiling suddenly collapsed 748 | -10/Subcaves | Visited Clippyterm 798 | -10/Subcaves | Visited triangular shrine 808 | -10/Subcaves | Found Prototype Device 808 | -10/Subcaves | Identified V3-11A's Pendant 813 | -10/Subcaves | Befriended Subdweller 1004 | -10/Subcaves | Learned location of Zion (-7) 1004 | -10/Subcaves | Met a Zionite searching for "candidates" 1288 | -10/Subcaves | Befriended Subdweller 1293 | -10/Subcaves | Befriended Subdweller 1468 | -10/Subcaves | Befriended Subdweller 2718 | -10/Subcaves | Befriended Subdweller 2723 | -10/Subcaves | Befriended Subdweller 2783 | -10/Subcaves | Befriended Subdweller 2783 | -10/Subcaves | Befriended Subdweller 2868 | -10/Subcaves | Befriended Subdweller 2880 | -10/Subcaves | Shifting Twisted Machinery released Battle Rifle 2976 | -10/Subcaves | Shifting Twisted Machinery released Riot Gun 3024 | -10/Subcaves | Lost 3 allies 3200 | -10/Subcaves | Disturbed a concealed Subdweller 3203 | -10/Subcaves | Befriended Subdweller 3261 | -10/Subcaves | Discovered new exit (range 6) 3274 | -10/Subcaves | Shifting Twisted Machinery released Battle Rifle 3353 | -10/Subcaves | Befriended Subdweller 3400 | -10/Subcaves | Discovered new exit (range 15) 3424 | -10/Subcaves | Entered Recycling 3424 | -7/Recycling | Accompanied by 2 allies 3890 | -7/Recycling | Build established: Commander-Mutant 3912 | -7/Recycling | Scanned before Scraplab entrance 3935 | -7/Recycling | Entered Scraplab 3949 | -7/Recycling | Discovered new exit (range 3) 3986 | -7/Recycling | Entered Scraptown 3986 | -7/Scraptown | Accompanied by 13 allies 4247 | -7/Scraptown | Visited Bundlers 4389 | -7/Scraptown | Visited Shadow of the Wyrm 4434 | -7/Scraptown | Visited Assassins FH 4478 | -7/Scraptown | Visited TADAMA 4507 | -7/Scraptown | Visited Red Mages 4534 | -7/Scraptown | Visited Fellowship of the Rings 4547 | -7/Scraptown | Visited CR-KLE's Repair Center 4847 | -7/Scraptown | Visited UFD Registry 4862 | -7/Scraptown | Registered with UFD as "Spiketalker" 4918 | -7/Scraptown | Visited DA-N13 Charitable Foundation 4924 | -7/Scraptown | Found DCF Scrap (27 items) 5013 | -7/Scraptown | Visited Scrap Suit Storage 5045 | -7/Scraptown | Visited Research Penetration Think Tank 5089 | -7/Scraptown | Visited Scrapoid Pod Storage 5278 | -7/Scraptown | Visited Infowarlord's Domain 5321 | -7/Scraptown | Found Exp. Terrain Scanner 5531 | -7/Scraptown | CR-KLE repaired 5 parts 5710 | -7/Scraptown | Discovered new exit (range 3) 5819 | -7/Scraptown | Met Optimus 5819 | -7/Scraptown | Accepted into 0bPrime 5943 | -7/Scraptown | Entered Factory 5943 | -5/Factory | Accompanied by 13 allies 5943 | -5/Factory | Evolved 10 slots: Propulsion x2, Utility x7, Weapon x1 6115 | -5/Factory | Lost 3 allies 6116 | -5/Factory | Discovered new exit (range 29) 6205 | -5/Factory | Entered Extension 6205 | -5/Extension | Accompanied by 10 allies 6239 | -5/Extension | Build established: Commander-Skirmisher 6294 | -5/Extension | Rescued A7 6489 | -5/Extension | Rescued a captive Derelict 6489 | -5/Extension | Rescued a captive Derelict 6834 | -5/Extension | Discovered new exit (range 25) 6874 | -5/Extension | Spotted B-75 Beast 6883 | -5/Extension | Build established: Commander-Mutant 6914 | -5/Extension | Allies destroyed B-75 Beast 6915 | -5/Extension | Spotted B-75 Beast 6930 | -5/Extension | Allies destroyed B-75 Beast 6952 | -5/Extension | Lost 9 allies 7013 | -5/Extension | Rescued a captive Derelict 7013 | -5/Extension | Rescued a captive Derelict 7210 | -5/Extension | Build established: Derelict-Mutant 7214 | -5/Extension | Lost 4 allies 7260 | -5/Extension | Rescued a captive Derelict 7413 | -5/Extension | Discovered new exit (range 10) 7415 | -5/Extension | Discovered new exit (range 6) 7428 | -5/Extension | Entered Factory 7428 | -4/Factory | Evolved 2 slots: Propulsion x2 8035 | -4/Factory | Discovered new exit (range 7) 8043 | -4/Factory | Entered Research 8043 | -3/Research | Evolved 2 slots: Power x1, Utility x1 8158 | -3/Research | Garrison activated, responded to threat 8236 | -3/Research | Spotted B-86 Titan 8372 | -3/Research | System corruption reached 10% 8448 | -3/Research | Core integrity fell below 50% 8477 | -3/Research | Lost 17 parts (2p8n5u2w) 8512 | -3/Research | Spotted B-86 Titan 8514 | -3/Research | Core integrity fell below 20% 8516 | -3/Research | System corruption reached 30% 8522 | -3/Research | Destroyed by B-86 Titan with Matter Neutralizer Last Messages --------------- 08446_ Penetrated by Slug. 08446_ Adv. Terrain Scan Processor destroyed. 08447_ M-28 Smith repairs P-80 Master. 08449_ P-80 Master resets P-80 Master, system corruption cleaned. 08453_ Triggered Alarm Trap. 08453_ An alarm sounds. 08453_ ALERT: Alarm triggered, dispatching investigation squad. 08461_ ,GLSOS PB1 JL1ULM11NKLX 08467_ Slug penetrates Wall. 08467_ Penetrated by Slug. 08480_ System corrupted: Matter fused (-8). 08482_ Triggered Gamma Bomb Trap. 08482_ A bubble of electromagnetic force engulfs the area. 08482_ R-10 Processor destroyed. 08482_ K-01 Serf destroyed. 08509_ Penetrated by Slug. 08512_ Adv. Cryofiber Web destroyed. 08512_ Penetrated by Slug. 08514_ FZTBV2LE58 = WTVAY5VKR1%<4X|RA/L7TOIJ 08515_ Meson Extractor disabled. Map ----- +----------------------------------------------------+ | ?????????????????????????????????????????????????# | | ?????????????????????????????????????????????????# | | ?????????????????????????????????????????????????# | | ?????????????????????????????????????????????? ??# | | ?????????????????????????????????????????????# ??# | | ?????????????????????????????????????????????# ??# | | ?????????????????????????????????????????????# ??# | | ?????????????????????????????????????????????# ??? | | ??????????????????????????????????????"??????# ??? | | ??????????????????????????????????????" ?????# ??? | | ?????????????????????????#####?????????? ????# ### | | ??????????????????????? ??????????? ???# | | ??????????????????????? ???????????? ??# | | ???????????????????????? ????????????? ## | | ???????????????????????? ??????????????/ | | ????????????????????????? ??????????????## % | | ????????????????????????? #??????????????# =! | | ?????????????????????????? #??????????????# !=% | | ?????????????????????????? #?????????######"##= | | ??????????????????????????? #?????????# # | | ??????????????????????????? #?????????# / | | ???????????????????????????? #?????????# # | | ???????????????????????????? #?????????######### | | ????????????????????????????#+#?????????????????# | | ??????????????############### #?????????????????# | | ?????????? **/ @ #?????????????????# | | ????????????# *// #?????????????????# | | ????????????# w *// #?????????????????# | | ????????????# #?????????????##### | | ????????????# ;#????????????+ | | ????????????# ;#### #???????### | | ???????????## ##T # #?????????# | | ??????????? B """ p #?????????# | | ??????????? "" #?????????# | | ????????????# """ #?????????# ## | | ????????????# +?????????# #? | | ????????????# !! #?????????# #? | | ????????????# !! ! #?????????# #? | | ????????????# = p #?????????# #? | | ????????????# ### ###### #########?# #? | | ???????????????????????# #? ! #?# #? | | ???????????????????????# % #? !#?# #? | | ???????????????????????# #?? ??# #? | | ???????????????????????# ##? ### ## | | ???????????????????????# / ?+ | | ???????????????????????# # ?# | | ????????????????# # ####+### | | ????????????????# + | | ????????????????# # ######/##### ######## | | ????????????????# # #???? ??# #??????? | +----------------------------------------------------+ Best States ------------- Heat Dissipation 46 Energy Generation 23 Energy Capacity 340 Matter Stores 300 Matter Capacity 300 Sight Range 16 Terrain Scan Range 30 Terrain Scan Density 210 Base Temperature (-) 200 Armor Coverage 600 Evasion (%) 53 Targeting Accuracy 8 Recoil Reduction 6 Offensive Hacking 21 Item Schematics ----------------- None Robot Schematics ------------------ None Fabricated ------------ Nothing Repaired ---------- Nothing Alien Tech Used ----------------- None Achievements -------------- None Challenges ------------ None Game ------ Seed ProcessingChainTendrils Manual? 0 Play Time 00:43:23 Cumulative 130.2 hours Start 2025.07.03 @ 01:28:57 End 2025.07.03 @ 13:50:34 Sessions 3 Manual Loads 0 Difficulty Rogue Special Mode None Game No. 341 Rogue 341 Adventurer 0 Explorer 0 Win Type - Total 3 Types 2/0/1/0/0/0/0/0/0/0 Lore% 64 Gallery% 54 Achievement% 46 Wizard Run 0 Options --------- Layout 0 ASCII 0 Keyboard 0 Movement Numpad Keybinds 0 Fullscreen 2 Font 18/Terminus Map View 76x50 Zoom Use 0% Tactical HUD 1 Map Filters NONE Filters NONE Steam 1 RUN: 2c128c6f-b2d3-493a-9164-2bb37d53a533